 Dungeon Crawl Stone Soup version 0.26.0-16-gc1dbca0489 (webtiles) character file.

Game seed: 16067040950122682970

11 EnegeticOcto the Insei (level 2, 0/23 HPs)
             Began as a Gnoll Transmuter on Jan 18, 2021.
             Slain by a hobgoblin
             ... wielding a +0 club
              (3 damage)
             ... on level 2 of the Dungeon.
             The game lasted 00:00:40 (98 turns).

EnegeticOcto the Insei (Gnoll Transmuter)             Turns: 98, Time: 00:00:41

Health: 0/23       AC:  2    Str: 12    XL:     2   Next: 25%
Magic:  7/7        EV: 14    Int: 15    God:
Gold:   14         SH:  0    Dex: 15    Spells: 9/10 levels left

rFire    . . .     SeeInvis .   g - +0 rapier (drain)
rCold    . . .     Faith    .   (no shield)
rNeg     . . .     Spirit   .   a - +0 robe
rPois    .         Reflect  .   (no helmet)
rElec    .         Harm     .   (no cloak)
rCorr    .         Rampage  .   (no gloves)
Will     .....                  (no boots)
Stlth    +.........             (no amulet)
HPRegen  0.07/turn              (no ring)
MPRegen  0.10/turn              (no ring)

@: no status effects
A: distributed training, fangs 1, strong nose
a: no special abilities


You were on level 2 of the Dungeon.
You visited 1 branch of the dungeon, and saw 2 of its levels.

You collected 14 gold pieces.

Inventory:

Hand Weapons
 g - a +0 rapier of draining (weapon)
   (You found it on level 2 of the Dungeon)
Armour
 a - a +0 robe (worn)
 c - a +0 pair of boots
   (You found it on level 1 of the Dungeon)
Scrolls
 b - a scroll of identify {unknown}
 d - 2 scrolls of teleportation {unknown}
Potions
 e - a potion of curing {unknown}
 f - a potion of degeneration {unknown}


   Skills:
 + Level 2.4 Fighting
 + Level 0.3 Short Blades
 + Level 0.3 Long Blades
 + Level 0.3 Axes
 + Level 0.3 Maces & Flails
 + Level 0.3 Polearms
 + Level 0.3 Staves
 + Level 0.3 Slings
 + Level 0.3 Bows
 + Level 0.3 Crossbows
 + Level 0.3 Throwing
 + Level 0.3 Armour
 + Level 4.4 Dodging
 + Level 0.3 Stealth
 + Level 0.3 Shields
 + Level 6.4 Unarmed Combat
 + Level 4.9 Spellcasting
 + Level 0.2 Conjurations
 + Level 0.2 Hexes
 + Level 0.2 Summonings
 + Level 0.2 Necromancy
 + Level 0.2 Translocations
 + Level 3.7 Transmutations
 + Level 0.2 Fire Magic
 + Level 0.2 Ice Magic
 + Level 0.2 Air Magic
 + Level 0.2 Earth Magic
 + Level 0.2 Poison Magic
 + Level 0.4 Invocations
 + Level 0.3 Evocations


You had 9 spell levels left.
You knew the following spells:

 Your Spells              Type           Power        Failure   Level
a - Beastly Appendage     Tmut           28%          3%          1

Your spell library contained the following spells:

 Spells                   Type           Power        Failure   Level
 Wereblood                Tmut           14%          5%          2
 Spider Form              Tmut/Pois      4%           22%         3
 Ice Form                 Ice/Tmut       9%           58%         4
 Blade Hands              Tmut           7%           69%         5


Dungeon Overview and Level Annotations

Branches:
Dungeon (2/15)

Altars:


Innate Abilities, Weirdness & Mutations

Your experience applies equally to all skills.
You have very sharp teeth.
Your uncanny sense of smell can sniff out nearby items.


Message History

b - a scroll labelled VOFUXKUTYI A bat comes into view.
The bat hits you but does no damage.
Found a scroll labelled LAEPORGH VUSAL.
Casting: Beastly Appendage (safe; 3% risk of failure)
Confirm with . or Enter, or press ? or * to list all spells.
You grow a pair of large bovine horns.
Your feet morph into talons.
The bat hits you but does no damage. The bat misses you.
The bat hits you but does no damage.
You hit the bat but do no damage. You headbutt the bat.
You kill the bat!
A rat comes into view.
Found 10 gold pieces.
You see here a pair of boots.
Okay, then.
c - a pair of boots You punch the rat!
You kill the rat!
No target in view!
No target in view!
You see here a rat corpse.
Okay, then.
You now have 10 gold pieces.
Okay, then.
You see here a rat corpse.
Your transformation is almost over.
d - a scroll labelled LAEPORGH VUSAL
Found 16 stones.
Your horns disappear.
Your talons disappear.
Found a scroll labelled LAEPORGH VUSAL.
d - 2 scrolls labelled LAEPORGH VUSAL (gained 1)
Found a smoky coppery potion.
Found a stone staircase leading down.
e - a smoky coppery potion A hobgoblin comes into view.
It is wielding a +0 club.
The hobgoblin shouts!
An ooze comes into view.
There is a stone staircase leading down here.
The ooze quivers.
You climb downwards.
There is a stone staircase leading up here.
An adder comes into view.
The adder hisses angrily.
A rat comes into view.
Found a stone staircase leading down.
Casting: Beastly Appendage (safe; 3% risk of failure)
Confirm with . or Enter, or press ? or * to list all spells.
You grow a pair of large bovine horns.
Your feet morph into talons.
You completely miss the adder. Your kick misses the adder. The adder bites you.
You closely miss the adder. Your kick misses the adder. You headbutt the adder.
The adder is moderately wounded.
The adder bites you. x2
You are poisoned.
The adder poisons you!
You are too injured to fight recklessly!
You are too injured to fight recklessly!
You barely miss the adder. Your kick misses the adder. You headbutt the adder!
The adder is almost dead.
You feel sick. The adder bites you.
* * * LOW HITPOINT WARNING * * *
You barely miss the adder.
The adder is almost dead.
The adder barely misses you.
You barely miss the adder.
The adder is almost dead.
The adder barely misses you.
You hit the adder.
You kill the adder!
* * * LOW HITPOINT WARNING * * *
You feel sick.
You have reached level 2!
You hit the rat.
You kill the rat!
You feel sick.
Unknown command.
Found 4 gold pieces.
Found an inky potion.
An ooze comes into view.
You feel sick.
Your transformation is almost over.
Found a glowing rapier.
f - an inky potion You feel sick.
You are no longer poisoned.
You now have 14 gold pieces (gained 4).
You see here a glowing rapier.
You sense an unholy aura.
g - a +0 rapier of draining (weapon)
There are no items here.
A hobgoblin comes into view. It is wielding a +0 club.
Your horns disappear.
Your talons disappear.
The hobgoblin moves out of view.
Found an escape hatch in the floor.
A rat comes into view.
The hobgoblin shouts!
You hear a shout!
You barely miss the hobgoblin.
You bite the hobgoblin, but do no damage.
The hobgoblin hits you with a +0 club.
You die...

#.# #.# ###### #.# ∆
###....# #.# #......#
#.# #.#....###.##### ###
#.###........†..
###...###.######..##.###
.......@.......>#.##..<#
###..>gr..##.###...#####
#....##.# # ≈...≈≈ #....
.... ..♣..≈# ......
####..... ....J ..##.#.
..♣. .♣... # .... ..
#..## . ∆


You could see a hobgoblin and a rat.

Vanquished Creatures
  An adder (D:2)
  A bat (D:1)
  2 rats
4 creatures vanquished.

Notes
Turn   | Place    | Note
-------+----------+-------------------------------------------
     0 | D:1      | EnegeticOcto the Gnoll Transmuter began the quest for the
                  | Orb.
     0 | D:1      | Reached XP level 1. HP: 17/17 MP: 6/6
    76 | D:2      | Reached XP level 2. HP: 5/23 MP: 5/7
    98 | D:2      | Slain by a hobgoblin

Illustrated notes

Levels and vault maps discovered:
D:1:      dpeg_arrival_solitude, layout_loops_ring, minmay_tripent
D:2:      layout_basic, xom_butterflies, elyvilon_altar_4

Action                   || total
-------------------------++-------
Melee: Unarmed           ||     9
       Headbutt          ||     3
       Rapier            ||     1
       Bite              ||     1
 Cast: Beastly Appendage ||     2
Armor: Robe              ||     3
Dodge: Dodged            ||     3
